 Dungeon Crawl Stone Soup version 0.30.0-29-ga12c61a403 (webtiles) character file.

Game seed: 158616268653525766

56 Tiring the Chopper (level 3, 0/31 HPs)
             Began as a Hill Orc Reaver on June 5, 2023.
             Slain by Natasha (7 damage)
             ... on level 2 of the Dungeon.
             The game lasted 00:05:04 (1443 turns).

Tiring the Chopper (Hill Orc Reaver)                Turns: 1443, Time: 00:05:05

Health: 0/31       AC:  3    Str: 16    XL:     3   Next: 95%
Magic:  6/6        EV: 11    Int: 13    God:
Gold:   51         SH:  0    Dex:  9    Spells: 0/6 levels left

rFire   . . .        a - +0 hand axe
rCold   . . .        (no shield)
rNeg    . . .        b - +0 leather armour
rPois   .            (no helmet)
rElec   .            (no cloak)
rCorr   .            (no gloves)
SInv    .            (no boots)
Will    .....        (no amulet)
Stlth   +            (no ring)
HPRegen 0.25/turn    (no ring)
MPRegen 0.10/turn

%: no passive effects
@: no status effects
A: no striking features
a: no special abilities


You were on level 2 of the Dungeon.
You visited 1 branch of the dungeon, and saw 2 of its levels.

You collected 51 gold pieces.

Inventory:

Hand Weapons
 a - a +0 hand axe (weapon)
Armour
 b - a +0 leather armour (worn)
Scrolls
 d - a scroll of fog


   Skills:
 + Level 3.0 Fighting
 + Level 4.5 Axes
 + Level 1.1 Armour
 + Level 1.8 Dodging
 + Level 2.0 Spellcasting
 + Level 3.3 Conjurations


You couldn't memorise any spells.
You knew the following spells:

 Your Spells              Type           Power      Damage    Failure   Level
a - Kiss of Death         Conj/Necr      20%        2d7       16%         1
b - Momentum Strike       Conj/Tloc      10%        3d8       24%         2
c - Hailstorm             Conj/Ice       5%         3d4       43%         3

Your spell library contained the following spells:

 Spells                   Type           Power      Damage    Failure   Level
 Call Imp                 Summ           2%         N/A       43%         2
 Ozocubu's Armour         Ice            1%         N/A       67%         3
 Animate Armour           Summ/Erth      2%         N/A       97%         4
 Summon Lightning Spire   Summ/Air       1%         N/A       97%         4
 Haunt                    Necr/Summ      0%         N/A       100%        7


Dungeon Overview and Level Annotations

Branches:
Dungeon (2/15)

Altars:

Annotations:
D:2 Natasha


Message History

a +0 dagger; a +0 sling
Found a stone staircase leading down.
Found 9 stones.
You now have 41 gold pieces (gained 8).
Found a stone staircase leading down.
You now have 51 gold pieces (gained 10).
Natasha, Servant of Life and Death comes into view.
Natasha hisses angrily.
Okay, then.
Natasha mumbles some strange words.
Natasha claws you but does no damage.
You hit Natasha.
Natasha is lightly wounded.
Natasha claws you but does no damage.
You barely miss Natasha.
Natasha is lightly wounded.
The cerulean imp completely misses you.
Natasha casts a spell.
You hit Natasha.
Natasha is moderately wounded.
You hit the cerulean imp.
The cerulean imp hits you from afar with a +0 spear.
Natasha claws you!
The cerulean imp hits you with a +0 spear.
You hit Natasha.
Natasha is heavily wounded.
You hit the cerulean imp but do no damage.
The cerulean imp hits you from afar with a +0 spear.
Natasha claws you.
* * * LOW HITPOINT WARNING * * *
The cerulean imp hits you with a +0 spear.
* * * LOW HITPOINT WARNING * * *
The cerulean imp closely misses you.
It was a potion of curing.
You feel better. Natasha misses you.
The cerulean imp hits you with a +0 spear.
* * * LOW HITPOINT WARNING * * *
The cerulean imp hits you from afar with a +0 spear.
* * * LOW HITPOINT WARNING * * *
It was a potion of cancellation.
You feel magically purged. Natasha claws you!
You die...

##### ## #.#.###### ..
..#......# ##
#.#.####.# #5#.#.##.#
##### #h#.#.##.# .....
#@#.#.##.# ..##.# # #
#5#.#....# #.# .# ...
#. #.#.#.#### ..##.##
##.##.##.#.#.# ...<.
.......>.#.#.#
...+#####.#..#.##.#.#
#...>....# #....##.#.#
.##......#.#.......#.#
.##......#...........#


You could see Natasha and 2 cerulean imps.

Vanquished Creatures
  A worm (D:2)
  2 dart slugs (D:1)
  5 bats (D:1)
  6 endoplasms (D:1)
  4 goblins
  A hobgoblin (D:1)
  4 jackals (D:1)
  A quokka (D:1)
  7 ball pythons
  3 frilled lizards (D:1)
  8 kobolds
  4 rats (D:1)
46 creatures vanquished.

Notes
Turn   | Place    | Note
-------+----------+-------------------------------------------
     0 | D:1      | Tiring the Hill Orc Reaver began the quest for the Orb.
     0 | D:1      | Reached XP level 1. HP: 18/18 MP: 3/3
   107 | D:1      | Reached XP level 2. HP: 18/25 MP: 4/4
   116 | D:1      | Learned a level 2 spell: Momentum Strike
   499 | D:1      | Reached XP level 3. HP: 25/27 MP: 5/5
   925 | D:1      | Reached skill level 1 in Armour
  1197 | D:2      | Learned a level 3 spell: Hailstorm
  1292 | D:2      | Got the Excursus on Icy Beckoning
  1434 | D:2      | Noticed Natasha
  1443 | D:2      | Slain by Natasha

Illustrated notes

Levels and vault maps discovered:
D:1:      dpeg_arrival_erosion, layout_basic, serial_forest,
          infiniplex_forest_end_1, infiniplex_forest_zigzag_2,
          infiniplex_forest_lined_1, infiniplex_forest_lined_2,
          infiniplex_forest_fountain, infiniplex_forest_zigzag_2,
          infiniplex_forest_clump_curved, lexackson_kobold_supper
D:2:      layout_basic, serial_bayou_pond_a, minmay_pentomino_pile, uniq_natasha

Skill      XL: |  1  2  3 |
---------------+----------+-----
Fighting       | 3 |  3.0
Armour         | 1 |  1.1
Spellcasting   | 2 |  2.0
Axes           | |  4.5
Dodging        | |  1.8
Conjurations   | |  3.3

Action                     || total
---------------------------++-------
  Melee: Hand axe          ||   166
         Punch             ||     3
   Cast: Kiss of Death     ||     1
         Momentum Strike   ||     1
    Use: Potion            ||     4
         Scroll            ||     2
   Stab: Invisible         ||     1
 Armour: Leather armour    ||    53
  Dodge: Dodged            ||   126
